Map: Cyber Forest LE

Players

DarwinAwdWnr - Winner!

  • Race: Zerg Zerg
  • League: Gold
  • Spawn Location: 11:00

Nightmare

  • Race: Protoss Protoss
  • League: Diamond
  • Spawn Location: 5:00

VOD

Have the link to the VOD?

Description

Time

  • Played on: June 23, 2019, 6:18 p.m.
  • Length: 11:42
Show
View Real Time Build Order
Export as new Build Order

DarwinAwdWnr Zerg - Winner!

Build Orders: Hatch First, Swarm Host 

Get SALT Encoding   

  12  0:01  Drone  
  13  0:08  Drone  
  14  0:16  Overlord  
  14  0:34  Drone x2  
  16  0:52  Hatchery  
  16  0:53  Drone  
  16  0:58  Extractor  
  15  1:11  Spawning Pool  
  15  1:14  Drone  
  15  1:22  Drone  
  15  1:23  Drone  
  17  1:27  Drone  
  18  1:49  Drone x2  
  20  1:58  Overlord  
  20  2:03  Queen  
  20  2:08  Queen  
  24  2:22  Metabolic Boost  
  24  2:44  Zergling x4  
  26  2:54  Hatchery  
  25  3:20  Drone x5  
  25  3:21  Drone x4  
  34  3:31  Lair  
  34  3:33  Overlord  
  34  4:03  Drone x10  
  34  4:08  Queen  
  34  4:09  Overlord  
  46  4:10  Overlord  
  46  4:22  Spore Crawler  
  45  4:25  Spore Crawler  
  45  4:31  Infestation Pit  
  43  4:34  Drone x7  
  43  4:37  Extractor  
  49  4:44  Extractor  
  48  4:45  Extractor  
  48  4:46  Overseer  
  47  5:02  Spore Crawler  
  46  5:07  Swarm Host  
  46  5:08  Swarm Host x2  
  55  5:48  Overseer  
  55  5:52  Nydus Network  
  54  5:57  Swarm Host  
  54  5:59  Drone  
  54  6:00  Overlord x3  
  54  6:01  Overlord x4  
  57  6:28  Swarm Host x7  
  78  6:41  Swarm Host x2  
  84  7:01  Swarm Host x3  
  84  7:04  Drone x9  
  84  7:05  Hatchery  
  101  7:10  Nydus Canal  
  101  7:16  Swarm Host  
  101  7:19  Drone  
  101  7:20  Drone x3  
  108  8:03  Nydus Canal  
  108  8:04  Swarm Host  
  108  8:05  Swarm Host  
  114  8:07  Overlord  
  114  8:08  Overlord x4  
  114  8:46  Spire  
  113  9:00  Drone  
  113  9:01  Drone x11  
  113  9:02  Swarm Host x8  
  127  9:07  Extractor  
  127  9:08  Extractor  
  146  9:17  Evolution Chamber  
  145  9:33  Queen x3  
  151  10:02  Overlord x3  
  151  10:03  Overlord x6  
  147  10:16  Spore Crawler x2  
  147  10:17  Spore Crawler x2  
  147  10:18  Spore Crawler  
  147  10:21  Queen x2  
  146  10:35  Corruptor x9  
  159  10:47  Corruptor x2  
  159  10:56  Queen x2  
Show
View Real Time Build Order
Export as new Build Order

Nightmare Protoss 

Build Orders: Phoenix Opening 

Get SALT Encoding   

  1  0:00  Probe  
  12  0:05  Probe  
  14  0:20  Pylon  
  14  0:22  Probe  
  15  0:30  Assimilator  
  15  0:38  Probe  
  16  0:44  Gateway  
  16  0:50  Probe  
  17  0:59  Probe  
  18  1:09  Probe  
  19  1:21  Probe  
  20  1:29  Pylon  
  20  1:33  Cybernetics Core  
  20  1:37  Probe  
  21  1:49  Probe  
  22  2:01  Nexus  
  22  2:03  Probe  
  23  2:10  Stalker, Pylon  
  23  2:14  Assimilator  
  25  2:28  Probe  
  26  2:33  Warp Gate  
  26  2:44  Sentry, Pylon  
  28  2:55  Forge  
  28  2:56  Probe  
  29  3:08  Probe, Stargate  
  29  3:10  Probe  
  30  3:18  Stalker  
  32  3:23  Probe  
  32  3:27  Pylon  
  32  3:28  Probe  
  32  3:33  Probe  
  35  3:42  Probe  
  35  3:46  Photon Cannon  
  35  3:48  Stalker  
  38  3:52  Probe  
  39  3:57  Phoenix  
  39  4:00  Probe  
  42  4:05  Probe  
  43  4:12  Probe  
  43  4:14  Robotics Facility  
  44  4:17  Probe  
  45  4:34  Void Ray  
  49  4:39  Photon Cannon  
  49  4:40  Probe  
  49  4:41  Shield Battery  
  49  4:42  Stalker  
  49  4:43  Probe  
  53  5:04  Photon Cannon  
  53  5:07  Pylon  
  53  5:08  Observer  
  53  5:14  Probe x2  
  56  5:17  Assimilator  
  56  5:19  Assimilator  
  56  5:22  Pylon  
  56  5:25  Void Ray  
  56  5:26  Probe x2  
  62  5:29  Pylon  
  62  5:36  Stargate  
  62  5:39  Probe x2  
  64  5:51  Probe  
  65  5:59  Stalker  
  67  6:06  Pylon  
  67  6:08  Photon Cannon  
  67  6:16  Photon Cannon  
  67  6:19  Nexus  
  67  6:20  Pylon  
  67  6:26  Stalker, Robotics Bay  
  67  6:30  Void Ray  
  71  6:40  Void Ray  
  71  6:44  Probe x2  
  81  6:54  Immortal  
  81  7:05  Photon Cannon  
  81  7:10  Probe x2  
  83  7:16  Fleet Beacon  
  83  7:22  Probe, Pylon  
  84  7:24  Probe  
  84  7:25  Photon Cannon  
  85  7:34  Probe  
  77  7:46  Probe x3  
  77  7:58  Probe x2, Disruptor  
  82  8:06  Photon Cannon  
  82  8:07  Probe  
  82  8:10  Probe x2  
  85  8:13  Photon Cannon  
  85  8:15  Photon Cannon  
  85  8:17  Photon Cannon  
  85  8:19  Probe  
  86  8:22  Void Ray  
  80  8:48  Nexus  
  80  9:00  Nexus  
  80  9:01  Carrier  
  86  9:06  Probe  
  86  9:07  Probe  
  88  9:18  Stargate  
  88  9:19  Probe  
  76  10:08  Void Ray  
  84  10:22  Probe x3  
  87  10:34  Probe  
  69  10:50  Void Ray  
  69  10:54  Photon Cannon  
  69  10:55  Photon Cannon  
  73  10:57  Photon Cannon  
  73  10:59  Photon Cannon  
Tags
 
Add a new tag
Caveats
  • Supply blocks, unpowered buildings, or Contaminate may cause inaccurate times.
  • Supply counts are checked every 10 seconds.